 Dungeon Crawl Stone Soup version 0.22-a0-605-g9281fa2 (webtiles) character file.

750 royokou the Cleaver (level 7, -2/57 HPs)
             Began as a Minotaur Fighter on July 8, 2018.
             Slain by a phantom (6 damage)
             ... on level 5 of the Dungeon.
             The game lasted 00:05:53 (3873 turns).

royokou the Cleaver (Minotaur Fighter)              Turns: 3873, Time: 00:05:55

Health: -2/57      AC:  9    Str: 25    XL:     7   Next: 48%
Magic:  6/6        EV:  5    Int:  5    God:
Gold:   268        SH: 10    Dex: 14    Spells: 6/6 levels left

rFire    . . .     SeeInvis .   a - +0 war axe
rCold    . . .     Gourm    .   c - +0 shield
rNeg     + . .     Faith    .   j - +0 chain mail {rPois}
rPois    +         Spirit   .   (helmet restricted)
rElec    .         Reflect  .   (no cloak)
rCorr    .         Harm     .   (no gloves)
MR       .....                  (no boots)
Stlth    ..........             (no amulet)
HPRegen  0.19/turn              q - ring of positive energy
MPRegen  0.10/turn              w - +2 ring of dexterity

@: mighty, drained
A: retaliatory headbutt, horns 2
a: no special abilities


You were on level 5 of the Dungeon.
You were not hungry.

You visited 1 branch of the dungeon, and saw 5 of its levels.

You collected 268 gold pieces.

Inventory:

Hand Weapons
 a - a +0 war axe (weapon)
 s - a +0 dire flail
Armour
 c - a +0 shield (worn)
 j - a +0 chain mail of poison resistance (worn)
Jewellery
 i - an uncursed ring of ice
 q - a ring of positive energy (left hand)
 w - a +2 ring of dexterity (right hand)
Wands
 y - a wand of digging (14)
Scrolls
 g - 4 scrolls of identify {unknown}
 h - 2 scrolls of fog {unknown}
 k - a scroll of magic mapping {unknown}
 l - 2 scrolls of teleportation {unknown}
 m - a scroll of enchant weapon {unknown}
 t - a scroll of noise {unknown}
 u - 3 scrolls of immolation {unknown}
 v - a scroll of random uselessness {unknown}
Potions
 b - 2 potions of curing {unknown}
 e - a potion of invisibility {unknown}
 n - 3 potions of degeneration {unknown}
 o - a potion of brilliance {unknown}
 p - a potion of mutation {unknown}
 r - a potion of heal wounds {unknown}
 x - a potion of agility {unknown}
Comestibles
 f - 8 rations


   Skills:
 - Level 3.6(3.4) Fighting
 + Level 10.2(10.0) Axes
 - Level 3.6(3.4) Armour
 - Level 3.6(3.4) Shields


You had 6 spell levels left.
You didn't know any spells.
Your spell library was empty.

Dungeon Overview and Level Annotations

Branches:
Dungeon (5/15)
 Temple: D:4-7

Altars:
Dithmenos
Fedhas
Gozag
Trog
Uskayaw
Xom
The Shining One


Innate Abilities, Weirdness & Mutations

You reflexively headbutt those who attack you in melee.
You have a pair of horns on your head.


Message History

The wight hits you with an enchanted war axe!
* * * LOW HITPOINT WARNING * * *
The wight hits you with a war axe.
* * * LOW HITPOINT WARNING * * *
You feel very mighty all of a sudden.
The wight hits you with an enchanted war axe.
* * * LOW HITPOINT WARNING * * *
You hit the wight.
You destroy the wight!
You barely miss the phantom. You hit the wight. The wight barely misses you.
You furiously retaliate!
You headbutt the wight.
The phantom hits you but does no damage.
You barely miss the wight.
The wight is severely damaged.
You closely miss the phantom. You block the wight's attack.
You block the phantom's attack.
You closely miss the wight.
The wight is severely damaged.
You slash the phantom! The wight barely misses you. The phantom hits you.
You die...

#...# #.# ##...### .
###.# ##......## ..
...###........## .$.
#..##..........# ...
..##..........# #..
#.##..(.......#
#...###.##..........##
#...z@................
####W)....#...........
#####............#.
#.#............
#...............
#..............#
#..............#
#..............#
#...........


You could see a phantom and a wight.

Vanquished Creatures
  An ogre (D:5)
  A scorpion (D:4)
  3 wights (D:5)
  5 crimson imps
  An orc priest (D:3)
  An orc wizard (D:3)
  2 iguanas
  2 worker ants (D:4)
  Robin (D:4)
  4 gnolls (D:4)
  4 adders (D:4)
  3 oozes
  2 dart slugs
  2 orcs (D:3)
  4 bats
  4 giant cockroaches
  20 goblins
  4 hobgoblins
  6 kobolds
  2 quokkas (D:4)
  2 frilled lizards
  2 leopard gecko skeletons
  7 rats
83 creatures vanquished.

Notes
Turn   | Place    | Note
-------+----------+-------------------------------------------
     0 | D:1      | royokou the Minotaur Fighter began the quest for the Orb.
     0 | D:1      | Reached XP level 1. HP: 19/19 MP: 0/0
   210 | D:1      | Reached skill level 3 in Axes
   249 | D:1      | Reached XP level 2. HP: 26/26 MP: 1/1
   944 | D:2      | Reached skill level 4 in Axes
  1062 | D:2      | Found a shadowy altar of Dithmenos.
  1085 | D:2      | Reached XP level 3. HP: 31/31 MP: 2/2
  1781 | D:3      | Reached skill level 5 in Axes
  1781 | D:3      | Reached XP level 4. HP: 18/39 MP: 3/3
  1946 | D:3      | Found an opulent altar of Gozag.
  2198 | D:3      | Reached skill level 6 in Axes
  2389 | D:3      | Found a shimmering altar of Xom.
  2423 | D:3      | Reached XP level 5. HP: 45/45 MP: 4/4
  2648 | D:3      | Reached skill level 7 in Axes
  2731 | D:4      | Reached XP level 6. HP: 37/51 MP: 5/5
  2908 | D:4      | Reached skill level 8 in Axes
  2910 | D:4      | Found a blossoming altar of Fedhas.
  2999 | D:4      | Noticed Robin
  3010 | D:4      | Killed Robin
  3192 | D:4      | Found a bloodstained altar of Trog.
  3193 | D:4      | Found a hide-covered altar of Uskayaw.
  3273 | D:4      | Reached skill level 9 in Axes
  3499 | D:4      | Found a glowing golden altar of the Shining One.
  3597 | D:5      | Entered Level 5 of the Dungeon
  3605 | D:5      | Reached XP level 7. HP: 45/57 MP: 6/6
  3865 | D:5      | Reached skill level 10 in Axes
  3873 | D:5      | Slain by a phantom

Vault maps used:
D:1:      dpeg_arrival_short_road, moated_statue
D:2:      first_ration, grunt_dithmenos_smoke_and_mirrors
D:3:      grunt_gozag_statues, led_xom_imps
D:4:      tso_altar, overflow_temple_1_default, grunt_temple_overflow_open,
          uniq_robin
D:5:      lemuel_insect_pit, lemuel_temple_firewalk_a

Skill      XL: |  1  2  3  4  5  6  7 |
---------------+----------------------+-----
Axes           | 3 4 5 6 7 9 10 | 10.2
Fighting       | |  3.6
Armour         | |  3.6
Shields        | |  3.6

Action                   |  1- 3 |  4- 6 |  7- 9 || total
-------------------------+-------+-------+-------++-------
Melee: War axe           |    46 |   145 |    28 ||   219
       Headbutt          |     9 |    21 |     8 ||    38
  Use: Potion            |       |       |     1 ||     1
  Eat: Chunk             |     2 |     2 |     2 ||     6
       Ration            |       |     1 |       ||     1
Armor: Chain mail        |    19 |    59 |     7 ||    85
Dodge: Dodged            |     5 |    31 |     6 ||    42
Block: Shield            |    12 |    62 |     8 ||    82

Table legend:
 A = Spawn XP
 B = Non-spawn XP
 C = Spawn XP percentage of total XP
 D = Spawn monster count
 E = Non-spawn monster count
 F = Spawn count percentage of total count
 G = Total turns spent on level
                    A         B        C        D         E        F      G
               +---------+---------+-------+---------+---------+-------+---------
         Total |       0 |    1072 |   0.0 |       0 |      83 |   0.0 |  3873
               +---------+---------+-------+---------+---------+-------+---------
           D:1 |       0 |      23 |   0.0 |       0 |      10 |   0.0 |   808
           D:2 |       0 |      32 |   0.0 |       0 |      16 |   0.0 |   907
           D:3 |       0 |     307 |   0.0 |       0 |      21 |   0.0 |  1005
           D:4 |       0 |     330 |   0.0 |       0 |      29 |   0.0 |   877
           D:5 |       0 |     380 |   0.0 |       0 |       7 |   0.0 |   276
               +---------+---------+-------+---------+---------+-------+---------
